 Dungeon Crawl Stone Soup version 0.16-a0-119-gc74d62a (webtiles) character file.

9 Crauler the Scratcher (level 2, -1/12 HPs)
             Began as a Felid Transmuter on Aug 12, 2014.
             Hit by a stone thrown by a kobold (2 damage)
             ... on Level 1 of the Dungeon.
             The game lasted 00:01:19 (345 turns).

Crauler the Scratcher (Felid Transmuter)             Turns: 345, Time: 00:01:19

HP  -1/12        AC  1     Str  6      XL: 2   Next:  6%
MP   3/5         EV 18     Int 14      God:
Gold 13          SH  0     Dex 16      Spells:  1 memorised,  4 levels left
Lives: 0, deaths: 0

rFire  . . .     SeeInvis +       - Unarmed
rCold  . . .     Clarity  .     (armour unavailable)
rNeg   . . .     rCorr    .     (shield unavailable)
rPois  .         rRot     .     (helmet unavailable)
rElec  .         Spirit   .     (cloak unavailable)
SustAb .         Warding  .     (gloves unavailable)
rMut   .         Stasis   .     (boots unavailable)
Gourm  .                        (no amulet)
MR     .....                    (no ring)
                                (no ring)

@: appendage (expiring), quick, not resistant to hostile enchantments,
unstealthy
A: paw claws, no armour, no weapons or thrown items, fangs 3, horns 2, see
invisible, carnivore 3, speed 1, shaggy fur 1, slow metabolism 1, jump 1
a: Jump Attack, End Transformation


You were on level 1 of the Dungeon.
You were not hungry.
You had grown temporary horns.
You visited 1 branch of the dungeon, and saw 1 of its levels.

You collected 13 gold pieces.

Inventory:

Missiles
 b - 12 arrows
Comestibles
 a - a meat ration
Scrolls
 c - a scroll of magic mapping {unknown}
 g - a scroll of enchant armour {unknown}
Potions
 e - a potion of haste {unknown}
 f - a potion of invisibility {unknown}
Books
 d - a book of Changes

   Spells                             Type                      Level
   *Beastly Appendage                 Transmutation                1
   Sticks to Snakes                   Transmutation                2
   Spider Form                        Transmutation/Poison         3
   Ice Form                           Ice/Transmutation            4
   Blade Hands                        Transmutation                5


   Skills:
 + Level 1.2 Fighting
 + Level 3.1 Dodging
 + Level 0.4 Stealth
 * Level 3.1 Unarmed Combat
 + Level 2.0 Spellcasting
 * Level 2.3 Transmutations


You had 4 spell levels left.
You knew the following spells:

 Your Spells              Type           Power        Failure   Level  Hunger
a - Beastly Appendage     Trmt           #.....       12%         1    ##.....


Dungeon Overview and Level Annotations

Branches:
Dungeon (1/15)

Altars:


Innate Abilities, Weirdness & Mutations

You cannot wear armour.
You are incapable of wielding weapons or throwing items.
Your paws have sharp claws.
You have razor-sharp teeth.
You have supernaturally acute eyesight.
You are carnivorous and can eat meat at any time.
You cover ground quickly.
You are covered in fur (AC +1).
You have a slow metabolism.
You can jump attack at a short distance.
You have a pair of horns on your head.


Message History

You closely miss the jackal.
The jackal is almost dead.
The jackal completely misses you. The jackal barely misses you.
You scratch the jackal.
You kill the jackal!
You scratch the jackal but do no damage.
The jackal bites you.
* * * LOW HITPOINT WARNING * * *
The jackal completely misses you.
You claw the jackal!
You kill the jackal!
You have reached level 2!
The jackal barely misses you.
You barely miss the jackal. Your headbutt misses the jackal.
The jackal barely misses you.
You claw the jackal!
You kill the jackal!
Your transformation is almost over.
The kobold throws a stone.
The stone hits you.
You die...

########## ## #.........
.. . ####.#.##.## .#...
...........## #.#.. .
##......#...# .......
.#.#.#..#.#.## ..#....
.....#..#.#..####........
..............K.@........
#..####.#..#.####..##....
...# #.#..#..# #.# ...
#######.#..##.####.##..#
........#....(h(.........
...............K.K)##...
#.#..#######.......#
#.#..##.#.................
#.#..##.#.##.............


You could see a kobold.

Vanquished Creatures
  2 goblins (D:1)
  4 jackals (D:1)
  A ball python (D:1)
  A kobold (D:1)
  A rat (D:1)
9 creatures vanquished.

Notes
Turn   | Place    | Note
--------------------------------------------------------------
     0 | D:1      | Crauler, the Felid Transmuter, began the quest for the Orb.
     0 | D:1      | Reached XP level 1. HP: 9/9 MP: 4/4
   341 | D:1      | Reached XP level 2. HP: 1/12 MP: 3/5
   345 | D:1      | Hit by a stone thrown by a kobold

Action                   || total
-------------------------++-------
Melee: Unarmed           ||    38
 Cast: Beastly Appendage ||     2
 Stab: Sleeping          ||     1
  Eat: Chunk             ||     1
